Map: Romanticide LE

Players

Spirit (souL)

  • Race: Terran Terran

SKillous - Winner!

  • Race: Protoss Protoss

Event: DreamHack SC2 Masters 2021 Winter

VOD

Have the link to the VOD?

Description

Time

  • Played on: Oct. 13, 2021, 12:15 p.m.
  • Length: 14:00

All games in this series

Show
View Real Time Build Order
Export as new Build Order

Spirit Terran 

Build Orders:  

Get SALT Encoding   

  12  0:00  SCV  
  13  0:12  SCV  
  14  0:17  Supply Depot  
  14  0:24  SCV  
  15  0:38  SCV  
  15  0:41  Barracks  
  16  0:50  SCV  
  16  0:52  Refinery  
  17  1:03  SCV  
  18  1:13  Engineering Bay  
  18  1:15  SCV  
  18  1:28  Marine  
  18  1:29  Orbital Command  
  19  1:46  Barracks Reactor  
  19  1:49  Command Center  
  19  1:55  Supply Depot  
  19  1:56  SCV  
  20  2:08  SCV  
  20  2:09  Barracks  
  21  2:20  SCV  
  21  2:22  Marine x2  
  23  2:24  Bunker  
  24  2:33  SCV  
  25  2:44  Command Center  
  25  2:48  SCV  
  25  2:49  Marine  
  27  3:00  SCV  
  27  3:01  Barracks Tech Lab  
  27  3:02  Orbital Command  
  27  3:05  Marine  
  29  3:12  SCV  
  30  3:15  Marine  
  31  3:21  Marine  
  31  3:24  SCV  
  31  3:26  Barracks  
  33  3:28  Stimpack  
  33  3:29  SCV  
  33  3:31  Marine  
  35  3:36  SCV  
  35  3:37  Marine  
  35  3:39  Marine  
  38  3:42  SCV  
  38  3:47  Engineering Bay  
  38  3:48  SCV  
  40  3:49  Refinery  
  40  3:51  Marine  
  40  3:54  SCV, Marine  
  43  3:57  Orbital Command  
  43  4:00  SCV  
  44  4:05  Marine  
  44  4:06  SCV  
  44  4:09  Marine  
  47  4:12  Supply Depot, SCV  
  47  4:14  Barracks Tech Lab  
  48  4:18  Missile Turret, Marine  
  48  4:23  Marine  
  50  4:26  SCV  
  50  4:27  Factory, Refinery  
  50  4:30  SCV  
  52  4:33  Marine  
  52  4:35  Combat Shield  
  55  4:40  SCV  
  55  4:41  Marine  
  55  4:44  Marauder x2  
  59  4:46  SCV  
  59  4:51  Marine  
  61  4:53  Supply Depot, SCV x2  
  61  4:58  SCV, Marine  
  65  5:01  Bunker  
  65  5:05  SCV x2  
  65  5:06  Marauder  
  69  5:07  Supply Depot  
  69  5:12  Factory Tech Lab  
  69  5:15  Marauder, Marine  
  69  5:17  SCV  
  69  5:18  Supply Depot  
  73  5:22  Supply Depot  
  73  5:25  Marine  
  73  5:27  Marauder  
  75  5:32  Marine  
  75  5:34  Siege Tank  
  75  5:36  Marine  
  76  5:43  Marine  
  76  5:48  Marauder, SCV  
  80  5:50  Starport, Marine  
  80  5:54  Marauder, SCV  
  82  5:57  SCV, Refinery  
  82  6:00  Marine  
  82  6:02  SCV  
  85  6:06  SCV  
  85  6:08  Terran Infantry Weapons Level 1, Marine  
  85  6:10  Marauder  
  87  6:12  SCV  
  87  6:15  Marine  
  88  6:19  SCV  
  88  6:20  SCV  
  88  6:24  SCV  
  91  6:26  Supply Depot  
  91  6:27  Starport Reactor  
  91  6:31  Marauder, SCV  
  94  6:36  Barracks Reactor  
  94  6:38  Medivac, Barracks  
  94  6:39  Barracks  
  95  6:40  Medivac  
  95  6:42  Concussive Shells  
  95  6:44  SCV x2  
  95  6:45  SCV  
  100  6:51  Missile Turret, Factory Reactor  
  100  6:54  Missile Turret  
  100  6:56  SCV  
  100  6:57  Supply Depot  
  100  6:59  Supply Depot  
  100  7:00  Armory  
  101  7:01  SCV  
  101  7:05  Orbital Command  
  102  7:09  SCV, Marine x2  
  102  7:12  Medivac x2  
  109  7:19  SCV, Marine x2  
  109  7:21  SCV  
  112  7:27  Widow Mine, Marine x2  
  112  7:29  Widow Mine  
  117  7:31  SCV x2  
  117  7:32  Barracks Reactor, Barracks Tech Lab  
  117  7:33  SCV  
  117  7:36  Marine x2  
  122  7:43  SCV x2  
  121  7:44  Medivac  
  121  7:45  Marauder  
  125  7:56  Refinery x2  
  125  7:59  Supply Depot  
  125  8:00  Supply Depot  
  125  8:02  Terran Infantry Armor Level 1  
  125  8:15  Command Center  
  125  8:16  Engineering Bay  
  125  8:17  Ghost Academy  
  125  8:20  SCV x3, Marine  
  125  8:21  Widow Mine x2, Marine x2  
  125  8:22  Marauder, Medivac  
  139  8:27  Bunker  
  139  8:28  Viking  
  141  8:38  SCV, Marine  
  141  8:41  SCV  
  141  8:42  Bunker  
  141  8:44  Bunker  
  141  8:58  SCV, Marine  
  141  8:59  Marine  
  141  9:02  SCV  
  141  9:03  Marine x3  
  141  9:06  Medivac, Viking  
  141  9:07  Marauder  
  141  9:08  Marauder, Widow Mine x2  
  133  9:10  SCV  
  133  9:16  Marine  
  101  9:17  SCV  
  101  9:18  Marauder  
  101  9:19  SCV  
  101  9:20  Marine  
  101  9:21  Marine x2  
  96  9:28  Marine  
  96  9:29  Widow Mine, Marine  
  96  9:30  Widow Mine  
  97  9:34  Marine  
  97  9:36  Medivac, Viking  
  94  9:38  Marine  
  94  9:39  Marine x3  
  93  9:46  Marauder, SCV, Marine  
  93  9:50  Widow Mine  
  93  9:51  Widow Mine, Marine  
  102  9:56  Marine x2  
  102  9:57  Marauder, Marine  
  107  10:05  Marauder  
  107  10:06  Viking x2  
  111  10:07  Marine  
  111  10:09  Marine  
  111  10:12  Widow Mine x2  
  111  10:14  Marine x2  
  117  10:15  Marine  
  117  10:18  Marauder  
  114  10:26  Marauder, Marine  
  114  10:27  Marine  
  91  10:32  Marine  
  84  10:44  Marauder  
  84  10:45  Marine  
  85  10:53  Marine  
  72  11:14  Marauder, Marine  
  72  11:15  Marauder, Marine  
  69  11:32  Marine  
  70  11:33  Marine  
  70  11:36  Marauder x2  
  75  11:48  Siege Tank  
  79  11:57  Supply Depot  
  78  12:46  Orbital Command  
  78  12:58  Bunker  
  78  13:00  Bunker  
  78  13:28  Supply Depot  
  78  13:30  Supply Depot x2  
  78  13:39  Marine  
  79  13:45  Starport  
Show
View Real Time Build Order
Export as new Build Order

SKillous Protoss - Winner!

Build Orders: 1 Gate Expand, Blink Stalkers 

Get SALT Encoding   

  12  0:00  Probe  
  13  0:12  Probe  
  14  0:17  Pylon  
  14  0:24  Probe (Chrono Boost)  
  15  0:36  Probe (Chrono Boost)  
  15  0:37  Gateway  
  16  0:45  Assimilator, Probe (Chrono Boost)  
  17  0:51  Probe  
  18  1:03  Probe  
  19  1:15  Probe  
  20  1:26  Cybernetics Core  
  21  1:38  Nexus  
  20  1:47  Pylon  
  20  1:50  Probe  
  21  1:55  Assimilator  
  21  2:02  Adept (Chrono Boost), Probe  
  24  2:14  Probe (Chrono Boost)  
  25  2:24  Warp Gate  
  25  2:26  Probe (Chrono Boost)  
  25  2:28  Stalker  
  28  2:32  Probe (Chrono Boost)  
  28  2:36  Twilight Council  
  29  2:42  Probe (Chrono Boost)  
  30  2:50  Probe (Chrono Boost)  
  32  2:59  Robotics Facility, Probe x2 (Chrono Boost)  
  32  3:04  Probe (Chrono Boost)  
  32  3:05  Probe  
  35  3:15  Blink (Chrono Boost)  
  35  3:17  Probe  
  37  3:20  Gateway  
  37  3:21  Probe  
  37  3:29  Probe  
  37  3:34  Probe  
  39  3:41  Probe  
  39  3:45  Gateway  
  39  3:46  Observer (Chrono Boost), Probe, Gateway  
  42  3:53  Probe  
  42  3:55  Pylon  
  43  3:57  Assimilator  
  43  3:58  Probe  
  43  4:00  Shield Battery  
  44  4:06  Warp Prism (Chrono Boost)  
  46  4:13  Probe  
  46  4:14  Pylon  
  46  4:15  Probe  
  48  4:20  Stalker  
  48  4:23  Stalker  
  52  4:26  Observer  
  52  4:30  Pylon  
  52  4:33  Observer  
  52  4:40  Stalker x2, Observer  
  56  4:46  Pylon  
  56  4:50  Probe x2  
  58  4:53  Assimilator  
  58  4:55  Pylon  
  58  4:59  Stalker x2  
  62  5:03  Stalker x2  
  66  5:08  Probe  
  66  5:09  Probe  
  68  5:21  Robotics Bay, Probe  
  69  5:22  Pylon  
  67  5:37  Stalker x4  
  67  5:42  Observer  
  73  5:47  Nexus  
  73  5:55  Pylon  
  73  5:59  Probe  
  73  6:00  Stalker x2  
  78  6:06  Colossus (Chrono Boost)  
  84  6:12  Charge  
  84  6:33  Gateway  
  84  6:35  Gateway  
  84  6:36  Gateway  
  84  6:37  Gateway  
  84  6:40  Gateway  
  84  6:45  Sentry x2  
  84  6:46  Probe  
  84  6:47  Probe (Chrono Boost)  
  90  6:52  Colossus (Chrono Boost)  
  90  6:53  Sentry  
  92  6:58  Probe (Chrono Boost)  
  92  6:59  Probe (Chrono Boost)  
  92  7:00  Probe (Chrono Boost)  
  101  7:05  Zealot  
  105  7:08  Probe (Chrono Boost)  
  105  7:09  Probe (Chrono Boost)  
  105  7:10  Probe (Chrono Boost), Pylon  
  105  7:13  Probe (Chrono Boost)  
  105  7:14  Probe (Chrono Boost)  
  108  7:16  Probe  
  108  7:18  Extended Thermal Lance  
  109  7:26  Probe  
  110  7:31  Probe  
  110  7:33  Templar Archives  
  110  7:34  Pylon  
  110  7:35  Pylon  
  111  7:42  Observer  
  109  7:44  Colossus (Chrono Boost)  
  109  7:49  Zealot x5  
  125  7:52  Observer  
  125  7:53  Gateway  
  125  7:59  Zealot x3  
  125  8:01  Zealot  
  125  8:02  Observer  
  133  8:09  Pylon  
  133  8:17  Zealot x2, High Templar x2  
  141  8:22  Archon, Pylon  
  141  8:24  Pylon x2  
  141  8:30  Zealot x4  
  146  8:51  Observer  
  146  8:52  Zealot x5  
  146  8:54  Zealot  
  148  8:56  Zealot  
  117  9:10  Zealot x3  
  117  9:17  Stalker x2, Observer (Chrono Boost)  
  106  9:25  Zealot x2  
  106  9:29  Observer (Chrono Boost)  
  109  9:37  Zealot  
  108  9:52  Probe  
  109  10:06  High Templar x4  
  117  10:07  Zealot x3  
  117  10:11  Archon x2  
  117  10:13  Observer  
  108  10:32  Stalker  
  108  10:33  Stalker x2  
  112  10:38  Zealot x3  
  112  10:39  Zealot  
  104  11:03  Stalker x3, Zealot x2  
  113  11:18  Zealot  
  111  11:42  Warp Prism (Chrono Boost)  
  113  11:51  Stalker, Zealot  
  117  11:55  Stalker  
  119  12:07  Zealot  
  121  12:09  Zealot  
  123  12:19  Stalker  
  121  12:39  Observer  
  121  13:06  Pylon x3  
  121  13:07  Shield Battery  
  119  13:27  Zealot x2  
  119  13:28  Zealot x2  
  119  13:30  Sentry  
  129  13:36  Sentry  

Tags
 
Add a new tag
Caveats
  • Supply blocks, unpowered buildings, or Contaminate may cause inaccurate times.
  • Supply counts are checked every 10 seconds.